 Dungeon Crawl Stone Soup version 0.21.1-1-g345015f (webtiles) character file.

61 sking99 the Slasher (level 3, 32/33 HPs)
             Began as a Deep Dwarf Fighter on June 21, 2018.
             Quit the game on level 2 of the Dungeon.
             The game lasted 00:05:43 (1314 turns).

sking99 the Slasher (Deep Dwarf Fighter)            Turns: 1314, Time: 00:05:44

Health: 32/33      AC:  8    Str: 19    XL:     3   Next: 83%
Magic:  3/3        EV:  7    Int:  8    God:
Gold:   57         SH:  9    Dex: 13    Spells: 2/2 levels left

rFire    . . .     SeeInvis .   a - +0 long sword
rCold    . . .     Gourm    .   c - +0 shield
rNeg     . . .     Faith    .   b - +0 scale mail
rPois    .         Spirit   .   p - +0 helmet
rElec    .         Reflect  .   (no cloak)
rCorr    .         Harm     .   (no gloves)
MR       .....                  (no boots)
Stlth    ..........             (no amulet)
HPRegen  0.00/turn              (no ring)
MPRegen  0.08/turn              (no ring)

@: non-regenerating
A: damage resistance, heal wounds, sense surroundings 1, no regeneration
a: Heal Wounds


You were on level 2 of the Dungeon.
You were not hungry.

You visited 1 branch of the dungeon, and saw 2 of its levels.

You collected 57 gold pieces.

Inventory:

Hand Weapons
 a - a +0 long sword (weapon)
Armour
 b - a +0 scale mail (worn)
 c - a +0 shield (worn)
 p - a +0 helmet (worn)
Jewellery
 q - an uncursed ring of resist corrosion {unknown}
Scrolls
 e - a scroll of remove curse {unknown}
 k - a scroll of random uselessness {unknown}
 l - a scroll of immolation {unknown}
 m - a scroll of identify {unknown}
 o - a scroll of magic mapping {unknown}
 r - 3 scrolls of enchant weapon {unknown}
Potions
 d - a potion of might
 h - a potion of mutation {unknown}
 i - a potion of agility {unknown}
 j - 3 potions of heal wounds {unknown}
 n - a potion of haste {unknown}
 s - 2 potions of ambrosia {unknown}
Comestibles
 f - 2 rations
 g - 4 chunks of flesh


   Skills:
 - Level 2.6 Fighting
 * Level 4.0 Long Blades
 - Level 3.2 Armour
 + Level 1.1 Dodging
 + Level 0.2 Stealth
 - Level 3.2 Shields


You had 2 spell levels left.
You didn't know any spells.

Dungeon Overview and Level Annotations

Branches:
Dungeon (2/15)

Altars:


Innate Abilities, Weirdness & Mutations

You are resistant to damage.
You can heal yourself by infusing magical energy.
You passively map a small area around you.
You do not regenerate.


Message History

You now have 41 gold pieces (gained 14).
q - a tourmaline ring
r - 3 scrolls labeled KOUGRE DUREAF
s - a smoky silvery potion
s - 2 smoky silvery potions (gained 1)
Found a stone staircase leading down.
Some of the chunks of flesh in your inventory have rotted away.
Eating one of 5 chunks of flesh.
You eat one of the 5 chunks of flesh.
This raw flesh tastes terrible.
You now have 57 gold pieces (gained 16).
An adder comes into view.
The adder hisses angrily.
An adder is nearby!
You closely miss the adder.
The adder bites you but does no damage. x2
Your shield and scale mail prevent you from hitting the adder.
The adder bites you but does no damage.
You miss the adder.
The adder bites you but does no damage. x2
You barely miss the adder. The adder bites you. You block the adder's attack.
You miss the adder. You block the adder's attack.
Are you sure you want to abandon this character and quit the game? (Confirm with "yes".)

#........♣.♣....♣.PP.P♣♣.....P
#
#.###.##.#...###♣P♣♣..♣♣#####.
# #.....##.♣.♣.# #♣ ♣♣.P♣ ##
## ########.#...## ♣.P♣######
.# #.♣.♣..# ♣.♣#.....# .#
#.#.##.# #.##.###.# .#
#.#.##.# #..)...#.. .#
#.#.##.# ######.#.. .#
#.#.##@# #.#.# .# #.#.##S#
#.#.. .# #.#.##.# #.### .#
#...##.# #.# .# ##..##.#
########.# .# #...##.#
#...(....### .# #...##.#
#.#######... .# #..###.# #.#
#.#. .# #..# * #.#######.#.


You could see an adder.

Vanquished Creatures
  2 adders (D:2)
  2 dart slugs (D:1)
  3 giant cockroaches
  4 goblins (D:1)
  8 hobgoblins
  4 jackals (D:2)
  7 bats
  2 frilled lizards
  3 kobolds (D:1)
  2 rats
37 creatures vanquished.

Notes
Turn   | Place    | Note
-------+----------+-------------------------------------------
     0 | D:1      | sking99 the Deep Dwarf Fighter began the quest for the Orb.
     0 | D:1      | Reached XP level 1. HP: 20/20 MP: 1/1
   146 | D:1      | Reached XP level 2. HP: 21/27 MP: 2/2
   226 | D:1      | Reached skill level 3 in Long Blades
   538 | D:1      | Reached XP level 3. HP: 22/33 MP: 3/3
   845 | D:2      | Reached skill level 1 in Dodging
  1173 | D:2      | Reached skill level 4 in Long Blades
  1314 | D:2      | Quit the game

Skill      XL: |  1  2  3 |
---------------+----------+-----
Long Blades    | 3 4 |  4.0
Dodging        | 1 |  1.1
Fighting       | |  2.6
Armour         | |  3.2
Stealth        | |  0.2
Shields        | |  3.2

Action                   || total
-------------------------++-------
Melee: Long sword        ||   133
 Abil: Heal Wounds       ||     1
  Eat: Chunk             ||     2
Armor: Scale mail        ||    74
Dodge: Dodged            ||    40
Block: Shield            ||    86
       Rpst.: Long sword ||    13
